 Dungeon Crawl Stone Soup version 0.23-b1-6-ga921848b48 (webtiles) character file.

Game seed: 12170157858226834168

277 Kisielow the Slasher (level 6, -1/58 HPs)
             Began as a Minotaur Fighter on Feb 1, 2019.
             Killed from afar by an orc wizard (5 damage)
             ... with a magic dart
             ... on level 3 of the Dungeon.
             The game lasted 00:06:21 (3018 turns).

Kisielow the Slasher (Minotaur Fighter)             Turns: 3018, Time: 00:06:22

Health: -1/58      AC:  8    Str: 27    XL:     6   Next: 4%
Magic:  5/5        EV: 12    Int:  5    God:
Gold:   213        SH: 11    Dex: 17    Spells: 5/5 levels left

rFire    . . .     SeeInvis +   a - +1 long sword
rCold    . . .     Gourm    .   c - +0 shield
rNeg     + . .     Faith    .   b - +0 scale mail
rPois    .         Spirit   .   (helmet restricted)
rElec    .         Reflect  .   g - +0 cloak
rCorr    .         Harm     .   (no gloves)
MR       .....                  (no boots)
Stlth    +.........             (no amulet)
HPRegen  0.19/turn              p - ring of positive energy
MPRegen  0.09/turn              q - ring of see invisible

@: mighty, agile, slowed, very slow
A: retaliatory headbutt, hooves 1, horns 2, agile 1, robust 1, MP-powered wands
a: no special abilities


You were on level 3 of the Dungeon.
You were not hungry.

You visited 1 branch of the dungeon, and saw 3 of its levels.

You collected 213 gold pieces.

Inventory:

Hand Weapons
 a - a +1 long sword (weapon)
 n - a +0 short sword of venom
Armour
 b - a +0 scale mail (worn)
 c - a +0 shield (worn)
 g - a +0 cloak (worn)
Jewellery
 l - an uncursed ring of protection from cold
 p - a ring of positive energy (left hand)
 q - a ring of see invisible (right hand)
 s - an uncursed ring of poison resistance {unknown}
Scrolls
 e - 3 scrolls of remove curse
 j - 4 scrolls of identify
 m - a scroll of amnesia
 r - a scroll of teleportation
Potions
 d - 2 potions of might
 k - a potion of resistance
 o - 2 potions of flight
Comestibles
 f - 9 rations


   Skills:
 + Level 4.4 Fighting
 * Level 6.2 Long Blades
 + Level 4.4 Armour
 + Level 4.4 Shields


You had 5 spell levels left.
You didn't know any spells.
Your spell library was empty.

Dungeon Overview and Level Annotations

Branches:
Dungeon (3/15)

Altars:
Ru
Wu Jian
Xom


Innate Abilities, Weirdness & Mutations

You reflexively headbutt those who attack you in melee.
You have a pair of horns on your head.
You have large cloven feet.
You are agile. (Dex +2)
You are robust. (+10% HP)
You expend magic power (3 MP) to strengthen your wands.


Message History

* * * LOW HITPOINT WARNING * * *
The orc completely misses you. The worm bites you.
* * * LOW HITPOINT WARNING * * *
The orc hits you with a +0 dagger.
* * * LOW HITPOINT WARNING * * *
You block the orc's attack.
You feel very mighty all of a sudden. You block the orc wizard's attack.
The orc wizard casts a spell.
The orc wizard blinks!
You block the orc's attack. The orc barely misses you.
You block the worm's attack. The orc hits you but does no damage.
You feel agile all of a sudden. You block the orc's attack.
You block the worm's attack. The orc closely misses you.
The orc barely misses you.
You slash the worm!
You kill the worm!
You block the orc's attack. The orc wizard casts a spell at you.
The magic dart hits you.
You die...

.[.+.)......#..........
#.##.....#.##...........
........#.##........$..
.......##.##...........
........'...........
.....####........... # .
#...........
#...........
#...@.......
#...oo......
#.....o.....
#...........
+...........
#...........
############


You could see an orc wizard and 2 orcs.

Vanquished Creatures
  2 orc priests
  An orc wizard (D:2)
  Robin (D:2)
  An adder (D:3)
  5 gnolls
  A shadow imp (D:3)
  5 worms
  2 leopard geckos
  2 orcs
  A ball python (D:2)
  6 giant cockroaches
  20 goblins
  12 hobgoblins
  3 jackals
  5 kobolds
  10 bats
  6 frilled lizards
  11 rats
94 creatures vanquished.

Notes
Turn   | Place    | Note
-------+----------+-------------------------------------------
     0 | D:1      | Kisielow the Minotaur Fighter began the quest for the Orb.
     0 | D:1      | Reached XP level 1. HP: 19/19 MP: 0/0
    77 | D:1      | Reached skill level 3 in Long Blades
    98 | D:1      | Reached XP level 2. HP: 20/26 MP: 1/1
   207 | D:1      | Reached skill level 4 in Long Blades
   550 | D:1      | Reached XP level 3. HP: 31/31 MP: 2/2
  1265 | D:2      | Reached skill level 5 in Long Blades
  1284 | D:2      | Gained mutation: You are robust. (+10% HP) [potion of
                  | mutation]
  1284 | D:2      | Gained mutation: You expend magic power (3 MP) to
                  | strengthen your wands. [potion of mutation]
  1284 | D:2      | Gained mutation: You are agile. (Dex +2) [potion of
                  | mutation]
  1284 | D:2      | Gained mutation: You have large cloven feet. [potion of
                  | mutation]
  1419 | D:2      | Reached XP level 4. HP: 29/44 MP: 3/3
  1876 | D:2      | Found a shimmering altar of Xom.
  1878 | D:2      | Found a hazy altar of Hepliaklqana.
  1878 | D:2      | Found a radiant altar of Vehumet.
  1885 | D:2      | Found an iron altar of Okawaru.
  1885 | D:2      | Found a shimmering altar of Xom.
  1885 | D:2      | Found an ancient bone altar of Kikubaaqudgha.
  2167 | D:3      | Noticed Robin
  2181 | D:2      | Reached XP level 5. HP: 17/50 MP: 4/4
  2438 | D:2      | Killed Robin
  2527 | D:3      | Reached skill level 6 in Long Blades
  2773 | D:3      | Found an ornate altar of the Wu Jian Council.
  2895 | D:3      | Found a sacrificial altar of Ru.
  3008 | D:3      | Reached XP level 6. HP: 44/58 MP: 5/5
  3018 | D:3      | Killed from afar by an orc wizard

Skill      XL: |  1  2  3  4  5 |
---------------+----------------+-----
Long Blades    | 3 4 5 6 |  6.2
Fighting       | 4 |  4.4
Armour         | 4 |  4.4
Shields        | 4 |  4.4

Action                   |  1- 3 |  4- 6 || total
-------------------------+-------+-------++-------
Melee: Long sword        |   108 |    83 ||   191
       Headbutt          |    15 |    14 ||    29
       Kick              |     3 |    22 ||    25
  Use: Scroll            |     6 |     4 ||    10
       Potion            |     1 |     2 ||     3
  Eat: Chunk             |     2 |     5 ||     7
Armor: Scale mail        |    52 |    45 ||    97
Dodge: Dodged            |    44 |    34 ||    78
Block: Shield            |    56 |    63 ||   119
       Rpst.: Long sword |    15 |     6 ||    21
